 Dungeon Crawl Stone Soup version 0.26-a0-1139-g7d2dc893a1 (webtiles) character file.

Game seed: 1037992326517171445

10452 voltaire321 the Thaumaturge (level 11, -12/57 HPs)
             Began as a Deep Elf Ice Elementalist on Dec 22, 2020.
             Was a Believer of Hepliaklqana.
             Hit by a large rock thrown by a cyclops (38 damage)
             ... on level 10 of the Dungeon.
             The game lasted 01:11:37 (13060 turns).

voltaire321 the Thaumaturge (DEIE)                 Turns: 13060, Time: 01:11:38

Health: -12/57     AC: 20    Str:  7    XL:     11   Next: 36%
Magic:  21/26      EV: 22    Int: 22    God:    Hepliaklqana [**....]
Gold:   458        SH:  0    Dex: 15    Spells: 10/28 levels left

rFire    . . .     SeeInvis .   d - +2 trident (venom)
rCold    . . .     Faith    .   (no shield)
rNeg     . . .     Spirit   .   q - +2 robe {Will+}
rPois    .         Reflect  .   r - +2 hat
rElec    .         Harm     .   K - +2 cloak
rCorr    .         Rampage  .   D - +2 pair of gloves
Will     ++...                  (no boots)
Stlth    +++.......             O - amulet of magic regeneration (curse)
HPRegen  0.19/turn              j - ring of wizardry
MPRegen  0.45/turn              y - +4 ring of evasion

@: icy armour, frozen ramparts
A: reduced essence
a: Renounce Religion, Recall Ancestor, Ancestor Identity


You were on level 10 of the Dungeon.
You worshipped Hepliaklqana.
Hepliaklqana was pleased with you.
You visited 2 branches of the dungeon, and saw 11 of its levels.

You collected 601 gold pieces.
You spent 143 gold pieces at shops.

Inventory:

Hand Weapons
 d - a +2 trident of venom (weapon)
 g - a cursed -1 rapier
Missiles
 A - 21 poisoned darts
Armour
 q - a +2 robe of willpower (worn)
 r - a +2 hat (worn)
 D - a +2 pair of gloves (worn)
 E - a +2 robe of cold resistance
 K - a +2 cloak (worn)
Magical Staves
 t - an uncursed staff of earth {unknown}
Jewellery
 j - a ring of wizardry (left hand)
 k - an uncursed ring of magical power
 y - a +4 ring of evasion (right hand)
 O - a cursed amulet of magic regeneration (around neck)
Wands
 o - a wand of disintegration (10)
 w - a wand of digging (4)
 B - a wand of flame (15)
 C - a wand of iceblast (34)
 L - a wand of acid (10)
Scrolls
 b - 12 scrolls of identify
 e - a scroll of enchant armour
 h - 2 scrolls of enchant weapon {unknown}
 i - a scroll of fog {unknown}
 l - 2 scrolls of amnesia
 n - 2 scrolls of blinking {unknown}
 p - a scroll of magic mapping {unknown}
 s - 5 scrolls of remove curse
 J - 3 scrolls of teleportation {unknown}
Potions
 a - 5 potions of mutation
 c - 2 potions of attraction {unknown}
 f - 5 potions of flight
 m - 3 potions of lignification
 v - a potion of invisibility {unknown}
 x - 7 potions of curing
 z - a potion of ambrosia {unknown}
 H - a potion of brilliance {unknown}
 M - 3 potions of heal wounds
 N - a potion of haste {unknown}


   Skills:
 + Level 5.7 Fighting
 + Level 8.6 Dodging
 - Level 5.0 Stealth
 + Level 9.4 Spellcasting
 + Level 7.8 Conjurations
 - Level 6.0 Summonings
 + Level 4.7 Translocations
 + Level 8.8 Ice Magic
 + Level 4.7 Invocations


You had 10 spell levels left.
You knew the following spells:

 Your Spells              Type           Power        Failure   Level
a - Freeze                Ice            100%         1%          1
b - Magic Dart            Conj           100%         1%          1
c - Frozen Ramparts       Ice            98%          1%          3
d - Ozocubu's Armour      Ice            49%          1%          3
e - Hailstorm             Conj/Ice       47%          1%          4
f - Summon Ice Beast      Ice/Summ       42%          1%          4
g - Blink                 Tloc           N/A          1%          2

Your spell library contained the following spells:

 Spells                   Type           Power        Failure   Level
 Call Imp                 Summ           36%          1%          2
 Conjure Flame            Conj/Fire      27%          1%          3
 Animate Skeleton         Necr           20%          2%          1
 Pain                     Necr           40%          2%          1
 Mephitic Cloud           Conj/Pois/Air  21%          2%          3
 Slow                     Hex            10%          4%          2
 Vampiric Draining        Necr           5%           8%          3
 Animate Dead             Necr           5%           26%         4
 Agony                    Necr           10%          54%         5


Dungeon Overview and Level Annotations

Branches:
Dungeon (10/15)            Temple (1/1) D:6            Lair (0/6) D:8
    Orc: D:9-12

Altars:
Ashenzari
Cheibriados
Dithmenos
Elyvilon
Fedhas
Gozag
Hepliaklqana
Kikubaaqudgha
Nemelex Xobeh
Okawaru
Qazlal
Ru
Sif Muna
Trog
Uskayaw
Vehumet
Wu Jian
Xom
Yredelemnul
Zin
The Shining One

Shops:
D:5 !   D:10 =

Annotations:
D:7 2 transporters, Tarl's ghost, novice DsGl


Message History

Casting: Ozocubu's Armour (safe; 1% risk of failure)
Confirm with . or Enter, or press ? or * to list all spells.
You can't see any susceptible monsters within range! (Use Z to cast anyway.)
Casting: Ozocubu's Armour (safe; 1% risk of failure)
Confirm with . or Enter, or press ? or * to list all spells.
A film of ice covers your body!
Casting: Ozocubu's Armour (safe; 1% risk of failure)
Confirm with . or Enter, or press ? or * to list all spells.
Casting: Frozen Ramparts (safe; 1% risk of failure)
Press: ? - help, Dir - look around, f - activate The walls around you are covered in ice.
Casting: Frozen Ramparts (safe; 1% risk of failure)
Confirm with . or Enter, or press ? or * to list all spells.
Aiming: Magic Dart (safe; 1% risk of failure)
Press: ? - help, Shift-Dir - straight line, f - cyclops
Aim: a cyclops, quivering a large rock (0% to evade)
The magic dart hits the cyclops but does no damage.
The cyclops throws a large rock.
The large rock hits you!!!
Ouch! That really hurt!
You die...

##....# #........ .+...<#
#........ ##....+ # #........
##....# ######.. #....^..(
###+### ###.⌠.⌠... #.......#
##...#########....C..C) #####...#
.+........#......⌠.⌠... ##.##...#
##........'...((.# #...#....
##........#....R@# ###...#....
##'####...##..........#.....#...#
##.R.##############...#.....#...#
.#........##.....# ..#.....'....
.#..#............########..##...#
<#...............##...###..##...#
.'#.∩.#..........#..............#
###...(.#.####...##.............#
###.#####.####...##....(.........


You could see the friendly Dube the knight and a cyclops.

Vanquished Creatures
  A two-headed ogre (D:8)
  Pikel (D:5)
  Maurice (D:8)
  Psyche (D:10)
  Joseph (D:7)
  3 trolls
  Prince Ribbit (D:6)
  Grinder (D:4)
  2 hornets (D:10)
  6 spriggans (D:9)
  A wyvern (D:8)
  Sigmund (D:5)
  A steam dragon (D:9)
  A human (D:8)
  Menkaure (D:4)
  2 sky beasts
  Duvessa (D:4)
  An ice beast (D:8)
  An orc warrior (D:7)
  3 necrophages
  A black bear (D:8)
  A phantom (D:7)
  7 ogres
  2 lemures (D:5)
  6 centaurs
  A big kobold (D:9)
  2 bullfrogs
  Dowan (D:4)
  3 scorpions
  8 killer bees
  A wight (D:9)
  2 jellies
  A bullfrog zombie (D:6)
  A centaur skeleton (D:8)
  8 orc priests
  A bullfrog skeleton (D:5)
  6 hounds
  An iguana (D:5)
  Crazy Yiuf (D:6)
  Jessica (D:2)
  5 orc wizards
  Ijyb (D:3)
  13 worker ants
  A howler monkey zombie (D:9)
  4 gnolls
  12 adders
  A shadow imp (D:5)
  A white imp (D:6)
  An ufetubus (D:9)
  2 oozes
  An adder skeleton (D:9)
  2 worms
  4 dart slugs (D:2)
  5 leopard geckos
  30 orcs
  4 giant cockroaches
  14 goblins
  13 hobgoblins
  13 jackals
  14 kobolds
  4 quokkas
  A ball python (D:5)
  10 bats
  5 frilled lizards
  9 rats
256 creatures vanquished.

Vanquished Creatures (collateral kills)
  A shadow (D:9)
  A spriggan (D:9)
  An orc warrior (D:9)
  An ice beast (D:10)
  An ogre (D:8)
  2 phantoms
  A necrophage (D:7)
  A bullfrog (D:9)
  A water moccasin zombie (D:10)
  A killer bee (D:7)
  A bullfrog zombie (D:6)
  A human zombie (D:8)
  An orc priest (D:7)
  2 orc wizards (D:7)
  A worker ant (D:9)
  3 hound zombies
  A hound skeleton (D:7)
  5 gnolls
  An adder (D:7)
  9 orcs
  A kobold zombie (D:8)
37 creatures vanquished.

Vanquished Creatures (others)
  10 ancestors
  A fungus (D:6)
11 creatures vanquished.

Grand Total: 304 creatures vanquished

Notes
Turn   | Place    | Note
-------+----------+-------------------------------------------
     0 | D:1      | voltaire321 the Deep Elf Ice Elementalist began the quest
                  | for the Orb.
     0 | D:1      | Reached XP level 1. HP: 10/10 MP: 6/6
   267 | D:1      | Reached XP level 2. HP: 13/15 MP: 4/8
   937 | D:1      | Reached XP level 3. HP: 20/20 MP: 7/9
  1395 | D:2      | Reached skill level 1 in Fighting
  1469 | D:2      | Reached XP level 4. HP: 25/25 MP: 7/11
  1608 | D:2      | Noticed Jessica
  1616 | D:2      | Killed Jessica
  1787 | D:2      | Learned a level 1 spell: Magic Dart
  1847 | D:2      | Learned a level 3 spell: Frozen Ramparts
  2269 | D:3      | Reached skill level 4 in Spellcasting
  2269 | D:3      | Reached skill level 5 in Ice Magic
  2293 | D:3      | Reached XP level 5. HP: 29/29 MP: 7/13
  2415 | D:3      | Reached skill level 1 in Conjurations
  2722 | D:3      | Noticed Ijyb
  3457 | D:4      | Noticed Dowan
  3536 | D:4      | Noticed Menkaure
  3611 | D:4      | Noticed an ogre
  3650 | D:4      | Killed an ogre
  3651 | D:4      | Reached XP level 6. HP: 25/35 MP: 8/14
  4085 | D:4      | Noticed Duvessa
  4102 | D:4      | Killed Duvessa
  4103 | D:4      | Reached XP level 7. HP: 35/40 MP: 8/16
  4106 | D:4      | Killed Dowan
  4321 | D:4      | Learned a level 3 spell: Ozocubu's Armour
  4461 | D:4      | Killed Menkaure
  4462 | D:4      | Reached skill level 5 in Spellcasting
  4651 | D:4      | Noticed Grinder
  4673 | D:4      | Killed Grinder
  4674 | D:4      | Reached skill level 5 in Stealth
  4789 | D:4      | Learned a level 4 spell: Hailstorm
  4902 | D:3      | Killed Ijyb
  4977 | D:3      | Learned a level 4 spell: Summon Ice Beast
  4992 | D:5      | Entered Level 5 of the Dungeon
  5196 | D:5      | Noticed a troll
  5217 | D:5      | Noticed Pikel
  5229 | D:5      | Reached skill level 1 in Summonings
  5229 | D:5      | Reached XP level 8. HP: 45/45 MP: 6/18
  5230 | D:5      | Killed Pikel
  5231 | D:5      | Reached skill level 5 in Dodging
  5231 | D:5      | Reached skill level 6 in Spellcasting
  5231 | D:5      | Reached skill level 5 in Conjurations
  5401 | D:5      | Found Futhrysch's Distillery.
  5602 | D:5      | Found an iron altar of Okawaru.
  5990 | D:5      | Bought a potion of heal wounds for 65 gold pieces
  5990 | D:5      | Bought 2 potions of curing for 78 gold pieces
  6019 | D:5      | Killed a troll
  6020 | D:5      | Reached XP level 9. HP: 36/51 MP: 11/20
  6117 | D:5      | Noticed Sigmund
  6179 | D:5      | Killed Sigmund
  6981 | D:6      | Found a shimmering altar of Xom.
  7039 | D:6      | Reached skill level 7 in Spellcasting
  7039 | D:6      | Reached skill level 5 in Summonings
  7203 | D:6      | Found a staircase to the Ecumenical Temple.
  7213 | Temple   | Entered the Ecumenical Temple
  7391 | Temple   | Became a worshipper of Hepliaklqana the Forgotten
  7612 | D:6      | Noticed Prince Ribbit
  7618 | D:6      | Killed Prince Ribbit
  8414 | D:6      | Found a runed translucent door.
  8415 | D:6      | Noticed Crazy Yiuf
  8421 | D:6      | Killed Crazy Yiuf
  8528 | D:7      | Learned a level 2 spell: Blink
  8569 | D:7      | Reached * piety under Hepliaklqana
  8777 | D:7      | Reached skill level 1 in Translocations
  8777 | D:7      | Reached skill level 1 in Invocations
  8977 | D:7      | Found a transporter.
  9005 | D:7      | Noticed Joseph
  9015 | D:7      | Killed Joseph
  9016 | D:7      | Reached XP level 10. HP: 49/52 MP: 15/23
  9076 | D:7      | Found a transporter.
  9081 | D:7      | Noticed Tarl's ghost (novice DsGl)
  9095 | D:7      | Noticed a moth of wrath
  9138 | D:7      | Found a glowing golden altar of the Shining One.
  9263 | D:7      | Reached skill level 8 in Spellcasting
  9522 | D:8      | Noticed Maurice
  9534 | D:8      | Killed Maurice
  9717 | D:8      | Found a shimmering blue altar of Sif Muna.
  9823 | D:8      | Found a runed translucent door.
  9826 | D:8      | Reached ** piety under Hepliaklqana
  9835 | D:8      | Noticed a two-headed ogre
  9848 | D:8      | Found a basalt altar of Yredelemnul.
 10167 | D:8      | Found a staircase to the Lair.
 10236 | D:8      | Killed a two-headed ogre
 10237 | D:8      | Reached skill level 5 in Fighting
 10611 | D:9      | Found a hide-covered altar of Uskayaw.
 10611 | D:9      | Found a white marble altar of Elyvilon.
 11452 | D:9      | Reached skill level 9 in Spellcasting
 11453 | D:9      | Reached XP level 11. HP: 43/57 MP: 14/26
 11871 | D:9      | Remembered your ancestor Dube as a knight
 12434 | D:10     | Entered Level 10 of the Dungeon
 12507 | D:10     | Found Odwoaby's Jewellery Shoppe.
 12593 | D:10     | Noticed Psyche
 12605 | D:10     | Killed Psyche
 13060 | D:10     | Hit by a large rock thrown by a cyclops

Illustrated notes

Levels and vault maps discovered:
D:1:      scummos_arrival_checkerplants, layout_loops_cross
D:2:      layout_loops_ring, uniq_jessica
D:3:      layout_rooms, minmay_bisected, uniq_ijyb
D:4:      layout_loops_ring, uniq_grinder, uniq_menkaure, uniq_duvessa
D:5:      layout_rooms, serial_shops, shop_fountains, okawaru_altar_gauntlet_db,
          uniq_sigmund, uniq_pikel
D:6:      layout_gridville, overflow_temple_1_default,
          minmay_temple_entry_poolview, uniq_prince_ribbit1,
          uniq_crazy_yiuf_cottage
D:7:      layout_rooms, kennysheep_little_box,
          gammafunk_ghost_berserking_beasts, uniq_joseph
D:8:      layout_basic, lemuel_doored_altar, lair_entry_dummy,
          dk_yredelemnul_ordeal, uniq_maurice
D:9:      kb_forest_paths, layout_rooms, nicolae_overflow_hidden_temple
D:10:     statuecave_lemuel, layout_gridville, serial_shops, nicolae_shop_stone,
          small_chamber_with_monster, uniq_psyche
Temple:   eino_temple_rhombus

Skill      XL: |  1  2  3  4  5  6  7  8  9 10 |
---------------+-------------------------------+-----
Stealth        | 3 4 5 |  5.0
Dodging        | 3 4 5 7 8 |  8.6
Fighting       | 1 2 3 4 5 |  5.7
Spellcasting   | 4 5 6 7 9 |  9.4
Ice Magic      | 5 6 7 8 |  8.8
Conjurations   | 2 3 4 5 6 7 |  7.8
Summonings     | 1 4 6 |  6.0
Translocations | 2 4 |  4.7
Invocations    | 1 4 |  4.7

Action                   |  1- 3 |  4- 6 |  7- 9 | 10-12 || total
-------------------------+-------+-------+-------+-------++-------
Melee: Dagger            |    10 |    10 |    39 |       ||    59
       Whip              |       |       |    31 |       ||    31
       Trident           |       |       |    12 |   228 ||   240
 Cast: Freeze            |    58 |    58 |    57 |    15 ||   188
       Magic Dart        |       |    60 |   105 |    22 ||   187
       Frozen Ramparts   |       |     1 |    34 |    23 ||    58
       Ozocubu's Armour  |       |       |    17 |    20 ||    37
       Hailstorm         |       |       |       |    11 ||    11
Invok: Recall Ancestor   |       |       |       |     1 ||     1
       Ancestor Life: Kn |       |       |       |     1 ||     1
  Use: Scroll            |       |     4 |     2 |     6 ||    12
       Potion            |       |       |     2 |       ||     2
 Stab: Sleeping          |     8 |     7 |     2 |     4 ||    21
       Distracted        |       |       |     1 |     3 ||     4
Armor: Robe              |     5 |     8 |    38 |    43 ||    94
Dodge: Dodged            |    29 |    31 |   138 |   221 ||   419

Table legend: (Time is in decaauts)
 A = Elapsed time spent in this place.
 B = Non-inter-level travel time spent in this place.
 C = Inter-level travel time spent in this place.
 D = Time resting spent in this place.
 E = Time spent auto-exploring this place.
 F = Levels seen in this place.
 G = Mean time per level.
                   A        B        C        D        E       F      G
               +--------+--------+--------+--------+--------+-----+--------+
         Total |  13131 |  12764 |    367 |   5703 |   3025 |  11 | 1193.7 |
       Dungeon |  12946 |  12607 |    339 |   5703 |   2897 |  10 | 1294.6 |
        Temple |    184 |    156 |     28 |      0 |    128 |   1 |  184.0 |
               +--------+--------+--------+--------+--------+-----+--------+

Top non-repeatable levels by time:
     D:9: 1821 daAuts
     D:4: 1671 daAuts
     D:5: 1652 daAuts
     D:6: 1477 daAuts
     D:3: 1249 daAuts
     D:2: 1204 daAuts
     D:8: 1161 daAuts
     D:1: 1063 daAuts
     D:7: 1021 daAuts
    D:10: 623 daAuts
  Temple: 184 daAuts
